Workbook

Sheet 記入方法・注意事項
B2: 《請求書の提出について》
B3: ● | C3: 必着日に間に合うように「請求書」と「請求書 総括表」を合わせて、御船組事務所まで
C4: 郵送やご持参等で提出願います。
D5: 請求書締日：毎月２０日
D6: 必 着 日：毎月２５日 ※必着日を過ぎた請求書に関してのお支払いは、翌々月となりますのでご注意ください。
D7: 支 払 日：翌月１０日 （金融機関が休日の場合は、翌営業日）
B9: 《【貴社データ】シートへの入力》
B10: ● | C10: このExcel書式をお受け取り後に【貴社データ】シートへ情報の入力をお願いいたします。
C11: （【請求書】シートへ反映されるように設定をしていますので、入力内容に変更が発生した場合は、都度変更をお願いいたします。）
M14: 《 【請求書】シートへの入力》
M15: ● 【請求書】シートへ入力・印刷・押印をお願いいたします。
N16: 不明な点があれば弊社担当者に確認の上、入力・作成をお願いします。
N17: また、請求データはお手元に控えの保管をお願いいたします。
N19: １．以下の黄色のセルは必ず入力してください。
N20: ① 請求書締日 … 請求書の締切日を入力してください。
N21: ② 工事名 … 弊社担当者に確認のうえ、正確に記入して下さい。
N22: ③ 弊社担当者名 … 弊社の担当者（注文者）名を入力してください。
N23: ④ 消費税率 … 当該取引に適用する消費税率を入力してください。
N24: 1つの【請求書】シートにつき１つの税率のみ入力できます。
N25: 一工事につき２つ以上の税率がある場合は、税率ごとに分割しての作成・提出をお願いします。
N27: ２．以下の該当する項目へ入力してください。
N28: ⑤ 該当取引が共同企業体（JV）工事である場合
N29: 共同企業体名称を入力し、通常取引と同様に請求書を作成してください。
... N39: ・内訳の記載については、貴社請求明細書等を添付していただいても構いません。
B48: 《【総括表】シートへの入力》
B49: ● | C49: 請求書受付の重複等を防ぐため、請求書を提出いただく際は必ず「請求書 総括表」を作成の上、添付してご提出ください。
C50: （なお、この「請求書 総括表」に替えて、貴社書式の合計表等を添付していただいても構いません。）

Sheet 貴社データ
B2: ●貴社の社名等の情報を入力してください。 | E2: （印刷や提出の必要はありません）
B3: （こちらへ入力された情報は「請求書」シートへ自動で反映されるように設定しています。）
B5: 住所 | C5: 〒
B7: 氏名
B8: 登録番号
B9: 電話番号
B10: ＦＡＸ番号
B11: 取引銀行
B12: 支店名
B13: 当座・普通
B14: 口座番号
B15: 口座名義（カタカナ）
B22: 住所 | C22: 〒 | D22: 693-0000
C23: （○○県）○○市○○町○○○番地
B24: 氏名 | C24: 株式会社 AB商事
B25: 登録番号 | C25: T1234567890123
B26: 電話番号 | C26: （0853）21―0000
B27: ＦＡＸ番号 | C27: （0853）22―0000
B28: 取引銀行 | C28: ○○銀行
B29: 支店名 | C29: ○○支店
B30: 当座・普通 | C30: 普通
B31: 口座番号 | C31: 1234567
B32: 口座名義（カタカナ） | C32: カ）エービーショウジ

Sheet 総括表
B2: 請求書受付の重複等を防ぐため、請求書を提出いただく際は必ず「請求書 総括表」を作成の上、添付してご提出ください。
B3: 請 求 書 総 括 表
AJ5: 請求締日
C7: 株式会社 御船組 | AB7: 御 中
AB9: 請求者 | AH9: 〒 | AJ9: =貴社データ!D5 -> 0
AI10: =貴社データ!C6 -> 0
AJ11: =貴社データ!C7 -> 0
AJ13: ＴＥＬ | AO13: =貴社データ!C9 -> 0
AJ14: ＦＡＸ | AO14: =貴社データ!C10 -> 0
C16: 前回請求額 | K16: 入金額 | S16: 調整額 | AA16: 前回残高 | AI16: 今回売上金額 | AQ16: 今回請求金額
AA17: =C17-K17-S17 -> 0 | AI17: =AE35 -> 0 | AQ17: =AA17+AI17 -> 0
C19: 現 場 名 | AE19: 税込金額 | AP19: 摘 要
B20: 1
B21: 2
B22: 3
B23: 4
B24: 5
B25: 6
B26: 7
B27: 8
B28: 9
B29: 10
B30: 11
B31: 12
... B34: 15
C35: 今 回 売 上 金 額 | AE35: =SUM(AE20:AO34) -> 0
G37: 請求書締日：毎月２０日
G38: 必 着 日：毎月２５日 ※必着日を過ぎた請求書のお支払いは、翌々月となります。
G39: 支 払 日：翌月１０日 （金融機関が休日の場合は、翌営業日）
G40: ※企業体での支払日は、 翌月１５日

Sheet 請求書
B3: 請 求 書
AH4: 請求締日 | BC4: 0.1 | BF4: ← 消費税率 | BN4: ※ 非課税の場合は、「非課税」と入力してください
B5: 株式会社 御船組 | AA5: 御 中 | BN5: また、「記入方法」シートにも記載していますが
BN6: 一工事につき２つ以上の税率がある場合は、税率ごとに分割しての作成・提出をお願いします。
AD7: 請求者 | AH7: =貴社データ!D5 -> 0
C8: 工事コード | AG8: =貴社データ!C6 -> 0
C9: 工 事 名 | AG9: =貴社データ!C7 -> 0 | AW9: ㊞
C10: 弊社担当者名 | AH10: 登録番号 | AM10: =貴社データ!C8 -> 0
AH11: ＴＥＬ | AL11: =貴社データ!C9 -> 0
B12: Ⓐ 注文書 発行分 | AH12: ＦＡＸ | AL12: =貴社データ!C10 -> 0
C14: 注文書 日付
C15: 工事種別（品目）
C16: 内 訳 | R16: 税 込 金 額
C17: 注文書金額
C18: 既 請 求 額
C19: 今回請求金額
C20: 総出来高金額 | R20: =R18+R19 -> 0
C21: 差 引 残 額 | R21: =R17-R18-R19 -> 0
B23: Ⓑ 常用・納品及び追加・増減分等
C25: 摘 要 | S25: 数量 | X25: 単位 | AA25: 単価（税込） | AI25: 税込金額 | AR25: 工種コード
AI26: =S26*AA26 -> 0
AI27: =S27*AA27 -> 0
AI28: =S28*AA28 -> 0
AI29: =S29*AA29 -> 0
AI30: =S30*AA30 -> 0
AI31: =S31*AA31 -> 0
AI32: =S32*AA32 -> 0
AI33: =S33*AA33 -> 0
AI34: =S34*AA34 -> 0
AI35: =S35*AA35 -> 0
AI36: =S36*AA36 -> 0
AI37: =S37*AA37 -> 0
AI38: =S38*AA38 -> 0
C39: 小 計 | AI39: =SUM(AI26:AQ38) -> 0
C41: =貴社データ!C11 -> 0 | L41: =貴社データ!C12 -> 0 | X41: 今回請求金額 合計 （ ① + ② ） | AH41: \ | AJ41: =R19+AI39 -> 0
C42: =貴社データ!C13 -> 0 | L42: =貴社データ!C14 -> 0 | W42: （ | X42: =IF(ISNUMBER(BC4), BC4, "非課税") -> 0.1 | AA42: 対象 | AD42: ￥ | AE42: =IF(ISNUMBER(BC4), AJ41/(1+BC4), AJ41) -> 0 | AM42: 消費税 | AQ42: ￥ | AR42: =AJ41-AE42 -> 0 | AX42: ）
C44: =貴社データ!C15 -> 0
